 Dungeon Crawl Stone Soup version 0.18-a0-1577-gf591c28 (webtiles) character file.

113 4thArraOfDagon the Chopper (level 4, -1/42 HPs)
             Began as a Naga Chaos Knight on Mar 19, 2016.
             Slain by an orc warrior
             ... wielding a +0 dire flail
              (20 damage)
             ... on level 8 of the Dungeon.
             The game lasted 00:03:24 (559 turns).

4thArraOfDagon the Chopper (Naga Chaos Knight)       Turns: 559, Time: 00:03:24

Health: -1/42      AC:  6    Str: 14    XL:     4   Next: 96%
Magic:  4/4        EV:  9    Int: 14    God:    Xom [..*...]
Gold:   41         SH:  0    Dex: 10    Spells: 0 memorised, 3 levels left

rFire  . . .     SeeInvis +     a - +0 hand axe (chaos)
rCold  . . .     Gourm    .     b - +2 leather armour
rNeg   . . .     Faith    .     (no shield)
rPois  +         Spirit   .     (no helmet)
rElec  .         Dismiss  .     (no cloak)
rCorr  .         Reflect  .     f - +0 pair of gloves
SustAt +         Harm     .     (no barding)
MR     .....                    (no amulet)
Stlth  +.........               (no ring)
                                g - ring of sustain attributes

@: exhausted, slowed, very slow, not resistant to hostile enchantments, very
unstealthy
A: see invisible, deformed body, poison resistance, slowness 2, slow metabolism
1, spit poison 2, AC +1
a: Spit Poison, Renounce Religion


You were on level 8 of the Dungeon.
You worshipped Xom.
You were a toy of Xom.
You were hungry.

You visited 1 branch of the dungeon, and saw 6 of its levels.

You collected 41 gold pieces.

Inventory:

Hand Weapons
 a - a +0 hand axe of chaos (weapon)
Armour
 b - a +2 leather armour (worn)
 e - a +0 ring mail
 f - a +0 pair of gloves (worn)
Jewellery
 g - a ring of sustain attributes (left hand)
Scrolls
 d - a scroll of recharging {unknown}
 h - a scroll of enchant armour {unknown}
 j - 2 scrolls of teleportation {unknown}
 k - a scroll of blinking {unknown}
 l - a scroll of random uselessness {unknown}
Comestibles
 c - 3 bread rations
 m - a meat ration


   Skills:
 - Level 3.0 Fighting
 * Level 4.2 Axes
 + Level 2.4 Armour
 + Level 1.9 Dodging


You had 3 spell levels left.
You didn't know any spells.

Dungeon Overview and Level Annotations

Branches:
Dungeon (8/15)
 Temple: D:4-7         Lair: D:8-11

Altars:
Elyvilon
Zin


Innate Abilities, Weirdness & Mutations

You cannot wear boots.
Your serpentine skin is tough (AC +1).
You have supernaturally acute eyesight.
Armour fits poorly on your strangely shaped body.
Your system is resistant to poisons.
You cover ground very slowly.
You have a slow metabolism.
You can spit poison.


Message History

Aim: an orc wizard, wielding a dagger and wearing a robe (slightly transparent)
The splash of poison hits the orc warrior.
The orc warrior appears unharmed.
The orc warrior is severely wounded.
You feel slightly more hungry. Xom notices you. Smoke pours from your hands!
The orc warrior hits you but does no damage.
Your leather armour prevents you from hitting the orc warrior.
The orc warrior is severely wounded.
You have got your breath back.
You are feeling hungry.
The orc warrior barely misses you.
The orc warrior hits you with a dire flail!
Unknown command.
You hit the orc warrior but do no damage.
The orc warrior is severely wounded.
The orc warrior hits you with a dire flail!!
You die...
Xom giggles madly!

..........####
##.###.#.##..
# #.##.#.##.#
#. #....#.##.#
#.#
##.####.##.#
#.###.##
#...#.#####
#§§§##
#.........#
##§##
#...#.##...
#@#
#####......
#o# #.##.#.
#o# #.#.###
#o# #..# #o#
#.# #.# #..
#.# . #.#


You could see an orc warrior and an orc wizard (invisible).

Vanquished Creatures
  A hound (D:8)
  An orc wizard (D:8)
  3 oozes (D:1)
  A giant gecko (D:1)
  5 orcs
  A bat (D:3)
  3 giant cockroaches
  5 goblins
  5 hobgoblins
  2 jackals (D:1)
  4 kobolds (D:1)
  A quokka (D:2)
  A giant newt (D:3)
  A rat (D:2)
34 creatures vanquished.

Notes
Turn   | Place    | Note
--------------------------------------------------------------
     0 | D:1      | 4thArraOfDagon the Naga Chaos Knight began the quest for the Orb.
     0 | D:1      | Reached XP level 1. HP: 21/21 MP: 1/1
    17 | D:1      | XOM: divination: magic mapping
    99 | D:1      | Reached skill level 1 in Dodging
    99 | D:1      | Reached XP level 2. HP: 12/28 MP: 2/2
   178 | D:1      | Reached XP level 3. HP: 14/34 MP: 3/3
   284 | D:2      | XOM: cast spell 'Spider Form'
   475 | D:4      | You fall through a shaft for 3 floors!
   475 | D:7      | Found a glowing silver altar of Zin.
   475 | D:7      | Found a white marble altar of Elyvilon.
   490 | D:8      | XOM: confuse monster(s)
   506 | D:8      | Reached skill level 4 in Axes
   506 | D:8      | Reached XP level 4. HP: 33/42 MP: 4/4
   548 | D:8      | Noticed an orc warrior
   557 | D:8      | XOM: mild Conj miscast
   559 | D:8      | Slain by an orc warrior

Vault maps used:
D:1:      co_arrival_random_square_maze
D:2:      first_bread
D:4:      minmay_lizard_king
D:7:      nicolae_overflow_hidden_temple

Skill      XL: |  1  2  3 |
---------------+----------+-----
Dodging        | 1 |  1.9
Armour         | 2 |  2.4
Axes           | 4 |  4.2
Fighting       | |  3.0

Action                   |  1- 3 |  4- 6 || total
-------------------------+-------+-------++-------
Melee: Hand axe          |    60 |    17 ||    77
       Unarmed           |     7 |       ||     7
 Abil: Spit Poison       |    14 |     3 ||    17
  Use: Potion            |     1 |     1 ||     2
